Map: Rohana LE

Players

Antarez

  • Race: Zerg Zerg
  • Spawn Location: 3:00

Ceratrexx

  • Race: Protoss Protoss
  • Spawn Location: 5:00

Ekelpack - Winner!

  • Race: Zerg Zerg
  • Spawn Location: 11:00

Nyck - Winner!

  • Race: Terran Terran
  • Spawn Location: 9:00

VOD

Have the link to the VOD?

Description

Time

  • Played on: Feb. 4, 2025, 2:43 p.m.
  • Length: 12:57
Show
View Real Time Build Order
Export as new Build Order

Antarez Zerg 

Build Orders: Hatch First 

Get SALT Encoding   

  12  0:00  Drone  
  13  0:29  Hatchery  
  13  0:35  Drone  
  13  0:39  Overlord  
  13  0:51  Drone  
  13  0:53  Drone, Extractor  
  14  1:00  Drone  
  15  1:08  Drone  
  16  1:17  Spawning Pool  
  15  1:21  Drone  
  16  1:29  Drone  
  17  1:41  Drone x2  
  19  1:53  Drone x2  
  21  2:04  Metabolic Boost  
  21  2:06  Zergling x4  
  23  2:10  Queen  
  23  2:13  Zergling x2  
  26  2:16  Drone  
  27  2:24  Zergling x2  
  28  2:31  Roach Warren  
  28  2:33  Overlord  
  28  2:35  Drone  
  28  2:49  Overlord  
  28  2:52  Zergling x4  
  30  3:00  Drone x2  
  32  3:07  Lair  
  32  3:08  Drone x2  
  34  3:20  Drone x3  
  34  3:21  Drone x2  
  39  3:29  Drone  
  40  3:35  Overlord  
  40  3:45  Zergling x4  
  42  3:50  Roach  
  42  3:55  Roach x4  
  49  4:30  Zergling x2  
  49  4:31  Zergling x10  
  52  4:37  Overlord  
  52  4:38  Overlord x2  
  52  4:45  Hatchery, Zergling x2  
  50  4:54  Zergling x4  
  50  5:14  Zergling x2  
  50  5:15  Zergling x12  
  55  5:27  Zergling x4  
  52  5:31  Queen  
  48  5:47  Zergling x8  
  47  6:06  Zergling x2  
  47  6:07  Zergling x10  
  51  6:14  Roach  
  51  6:15  Roach  
  51  6:32  Hatchery  
  47  6:39  Roach x4  
  56  6:40  Roach x3  
  52  6:59  Spore Crawler  
  52  7:00  Spore Crawler  
  50  7:02  Spore Crawler x2  
  50  7:03  Spore Crawler x2  
  50  7:04  Drone x5, Spore Crawler x2  
  50  7:05  Zergling x14  
  56  7:15  Zergling x2  
  56  7:17  Zergling x4  
  59  7:28  Roach x4  
  59  7:29  Roach x2  
  63  7:37  Zergling x4  
  54  7:47  Zergling x8  
  53  7:59  Zergling x6  
  53  8:00  Zergling x8  
  60  8:06  Extractor  
  60  8:08  Drone x4  
  60  8:10  Evolution Chamber  
  60  8:11  Evolution Chamber  
  61  8:17  Zergling x2  
  61  8:18  Zergling x12  
  62  8:29  Roach x3  
  62  8:30  Roach  
  70  8:35  Drone  
  65  8:51  Zergling x8  
  65  8:52  Zergling x6  
  62  9:05  Zergling x2  
  62  9:06  Zergling x18  
  72  9:10  Zerg Ground Armor Level 1, Zerg Missile Weapons Level 1  
  56  9:25  Roach x5  
  56  9:26  Roach  
  56  9:27  Roach  
  57  9:46  Zergling x2  
  57  9:47  Zergling x14  
  65  9:59  Roach  
  66  10:00  Roach x3  
  67  10:11  Zergling x10  
  67  10:13  Zergling x2  
  67  10:16  Zergling x2  
  68  10:23  Drone x3  
  68  10:26  Drone  
  72  10:31  Drone x2  
  72  10:32  Drone  
  75  10:47  Roach x3  
  75  10:49  Extractor  
  76  11:11  Baneling Nest  
  76  11:16  Ravager  
  77  11:18  Zergling x2  
  77  11:19  Zergling x22  
  77  11:23  Overlord  
  88  11:30  Overlord  
  88  11:40  Overlord  
  83  12:06  Roach  
  83  12:07  Roach x10  
  68  12:19  Roach x2  
  68  12:20  Roach x2  
  68  12:22  Zergling x4  
  78  12:24  Zergling x2  
  78  12:29  Zergling x4  
  76  12:34  Zergling x4  
Show
View Real Time Build Order
Export as new Build Order

Ceratrexx Protoss 

Build Orders: 1 Gate Expand 

Get SALT Encoding   

  12  0:01  Probe  
  13  0:13  Probe  
  14  0:22  Pylon  
  14  0:26  Probe  
  15  0:36  Probe  
  16  0:44  Probe  
  16  0:48  Gateway  
  17  0:52  Assimilator  
  17  0:54  Probe  
  18  1:06  Probe  
  19  1:14  Probe  
  20  1:22  Probe  
  20  1:32  Probe  
  21  1:34  Nexus  
  22  1:47  Pylon  
  22  1:55  Cybernetics Core  
  22  2:03  Gateway  
  22  2:09  Gateway  
  22  2:12  Warp Gate  
  22  2:14  Probe  
  23  2:18  Assimilator  
  23  2:32  Stalker  
  25  2:41  Gateway  
  25  2:47  Stalker  
  27  2:54  Stalker  
  29  2:58  Probe  
  29  3:00  Probe  
  29  3:03  Stalker  
  33  3:14  Probe  
  33  3:24  Stalker  
  33  3:26  Stalker  
  35  3:33  Pylon  
  37  3:53  Probe  
  37  3:55  Probe  
  38  4:01  Stalker x2, Probe  
  43  4:03  Stalker  
  43  4:06  Stalker  
  48  4:17  Assimilator  
  48  4:25  Pylon  
  48  4:28  Twilight Council  
  48  4:30  Pylon  
  44  5:44  Blink  
  44  6:00  Stalker x4  
  52  6:05  Gateway  
  52  6:06  Gateway  
  52  6:08  Gateway  
  52  6:10  Gateway  
  46  6:13  Pylon  
  46  6:14  Pylon, Probe  
  46  6:17  Forge  
  41  6:22  Probe  
  37  6:32  Pylon, Probe  
  38  6:34  Stalker x4  
  47  6:46  Protoss Ground Weapons Level 1  
  47  6:52  Photon Cannon  
  47  6:55  Photon Cannon  
  47  6:57  Stalker  
  47  6:58  Stalker  
  47  6:59  Probe  
  51  7:07  Probe  
  53  7:16  Stalker  
  53  7:17  Stalker  
  57  7:30  Stalker  
  57  7:31  Stalker  
  55  7:49  Stalker x2  
  55  7:50  Stalker  
  53  8:25  Stalker x5  
  53  8:26  Stalker x2  
  67  8:28  Stalker  
  67  8:53  Protoss Ground Armor Level 1  
  67  9:05  Charge  
  67  9:07  Stalker x2  
  67  9:08  Stalker x3  
  67  9:19  Probe  
  68  9:27  Probe  
  68  9:35  Assimilator  
  69  9:39  Nexus  
  69  9:42  Pylon  
  47  10:01  Stalker  
  47  10:02  Stalker x4  
  47  10:05  Stalker  
  59  10:22  Photon Cannon  
  59  10:25  Photon Cannon  
  59  10:32  Templar Archives  
  59  10:33  Pylon  
  59  11:07  Stalker  
  59  11:08  Stalker x5  
  59  11:09  Stalker x2  
  75  11:39  Nexus  
  75  11:40  Pylon  
  75  11:45  High Templar x2  
  75  11:46  Nexus  
  79  11:47  Pylon  
  79  11:50  Archon  
  45  12:18  Stalker x2  
  45  12:19  Stalker x4  
  45  12:22  High Templar  
  59  12:28  Zealot  
Show
View Real Time Build Order
Export as new Build Order

Ekelpack Zerg - Winner!

Build Orders: Hatch First 

Get SALT Encoding   

  12  0:00  Drone  
  13  0:12  Overlord  
  13  0:18  Drone  
  14  0:31  Drone x2  
  14  0:35  Drone  
  17  0:52  Hatchery  
  17  0:54  Drone  
  17  1:00  Drone, Extractor  
  17  1:07  Drone  
  18  1:19  Spawning Pool  
  18  1:20  Drone  
  18  1:29  Drone  
  19  1:39  Drone  
  20  1:50  Overlord  
  20  2:06  Queen  
  20  2:07  Queen  
  24  2:08  Drone  
  24  2:12  Metabolic Boost  
  25  2:15  Zergling x2  
  25  2:20  Drone  
  27  2:23  Drone  
  27  2:25  Drone  
  27  2:28  Drone  
  30  2:32  Drone  
  31  2:37  Extractor  
  31  2:38  Drone  
  31  2:44  Lair  
  31  2:46  Drone  
  32  2:51  Drone  
  32  2:54  Overlord  
  33  3:02  Zergling x2  
  34  3:08  Spine Crawler  
  34  3:10  Drone  
  34  3:11  Overlord  
  34  3:15  Zergling x6  
  37  3:22  Queen  
  39  3:28  Drone x3  
  42  3:38  Drone  
  42  3:39  Drone x2  
  45  3:48  Spire  
  44  4:01  Extractor  
  43  4:06  Drone x3  
  45  4:21  Zergling x8  
  45  4:22  Zergling x4  
  49  4:41  Drone x3  
  49  5:05  Zergling x4  
  49  5:06  Zergling x4  
  52  5:08  Zergling x2, Overlord  
  52  5:09  Overlord  
  49  5:22  Zergling x4  
  47  5:34  Zergling x4  
  44  5:41  Zergling x4  
  44  5:42  Queen  
  47  5:43  Queen  
  46  5:53  Zergling x2  
  46  6:04  Zergling x6  
  41  6:08  Mutalisk  
  41  6:09  Mutalisk x2  
  36  6:27  Spine Crawler  
  34  6:34  Drone x5  
  39  6:46  Drone x2  
  39  6:47  Drone x2, Queen  
  45  7:03  Extractor  
  45  7:07  Spire  
  43  7:21  Drone x2  
  43  7:22  Drone  
  46  7:24  Overlord x2  
  46  7:38  Zergling x8  
  46  7:39  Zergling x6  
  52  7:59  Zergling x6  
  52  8:00  Zergling x6  
  53  8:28  Mutalisk x7  
  53  8:29  Mutalisk  
  55  8:49  Mutalisk x2  
  55  8:50  Mutalisk x3  
  61  8:59  Zergling x2  
  61  9:00  Zergling x2  
  50  9:18  Mutalisk x3  
  50  9:23  Drone  
  54  9:25  Queen x2  
  52  10:00  Drone x3  
  52  10:04  Spawning Pool  
  54  10:11  Drone  
  54  10:16  Drone x3  
  57  10:29  Hatchery  
  56  10:39  Hydralisk Den  
  56  10:40  Drone x4  
  57  11:01  Zergling x6  
  57  11:02  Zergling x10  
  63  11:13  Zergling x4  
  65  11:28  Grooved Spines  
  65  11:30  Overlord x2  
  65  11:33  Evolution Chamber  
  65  11:37  Hydralisk x3  
  70  12:05  Hydralisk  
  70  12:06  Hydralisk x7  
  79  12:12  Hydralisk  
Show
View Real Time Build Order
Export as new Build Order

Nyck Terran - Winner!

Build Orders:  

Get SALT Encoding   

  12  0:00  SCV  
  13  0:12  SCV  
  14  0:17  Supply Depot  
  14  0:24  SCV  
  15  0:39  SCV  
  16  0:43  Barracks  
  16  0:47  Refinery  
  16  0:51  SCV  
  17  1:00  Barracks  
  17  1:04  SCV  
  18  1:16  SCV  
  19  1:19  Barracks  
  19  1:31  Orbital Command  
  19  1:41  Supply Depot  
  19  1:43  Reaper  
  20  1:53  Reaper  
  21  1:56  SCV  
  22  2:04  Supply Depot  
  22  2:07  Reaper  
  23  2:10  SCV, Refinery  
  24  2:25  Reaper  
  25  2:30  SCV  
  26  2:41  Barracks Reactor  
  26  2:45  SCV  
  27  2:57  Barracks Reactor  
  27  2:58  Barracks Tech Lab  
  27  3:02  Command Center  
  27  3:05  SCV  
  28  3:18  SCV  
  29  3:24  Marine x2  
  33  3:28  Barracks Reactor  
  33  3:30  Combat Shield  
  31  3:34  Marine  
  31  3:39  SCV  
  33  3:46  Engineering Bay  
  33  3:47  Engineering Bay  
  33  3:51  SCV  
  34  4:00  Marine x3  
  37  4:03  SCV  
  37  4:06  Supply Depot  
  37  4:16  SCV  
  38  4:28  Orbital Command  
  38  4:31  SCV  
  39  4:35  Marine x3  
  39  4:36  Marine x2  
  44  4:40  Supply Depot  
  44  4:41  Terran Infantry Weapons Level 1  
  44  4:43  SCV  
  42  4:49  Stimpack  
  42  4:54  Marine x3  
  42  4:55  Marauder  
  47  5:03  Marine  
  47  5:11  Marine  
  47  5:14  Marine  
  48  5:16  Marauder  
  41  5:25  Marine x2  
  42  5:38  Marauder  
  42  5:40  Marine x2  
  41  5:43  Marine x2  
  42  5:57  SCV x2  
  42  5:58  Marine x2  
  42  5:59  Marauder  
  48  6:09  SCV x2  
  48  6:11  Marine x2  
  52  6:20  Marauder  
  52  6:24  SCV x2  
  55  6:28  Terran Infantry Armor Level 1  
  55  6:36  SCV x2  
  55  6:37  Marine x4  
  61  6:48  SCV x2  
  61  6:51  Concussive Shells  
  61  6:54  Marauder  
  56  6:58  Marine x3  
  56  6:59  Marine  
  60  7:03  SCV  
  61  7:12  SCV  
  61  7:15  Marauder  
  64  7:18  Factory  
  64  7:21  SCV  
  65  7:23  Barracks  
  65  7:24  SCV  
  66  7:33  SCV  
  66  7:36  SCV  
  42  8:08  SCV x2  
  42  8:09  Marine x4  
  42  8:10  Marauder  
  41  8:14  Factory Reactor  
  41  8:17  Starport  
  41  8:20  SCV x2, Armory  
  41  8:22  Barracks Reactor  
  41  8:25  Supply Depot  
  43  8:27  Marine x2  
  45  8:39  Marauder  
  47  8:48  Marine x2  
  47  8:49  Marine x2  
  46  9:00  Marine x2, Marauder  
  47  9:07  Terran Infantry Armor Level 2, Terran Infantry Weapons Level 2  
  47  9:09  Medivac x2  
  51  9:13  Marine x2  
  51  9:14  Marine x2  
  55  9:22  Marauder  
  57  9:28  Marine  
  57  9:29  Marine  
  59  9:32  Marine  
  59  9:33  Marine x3  
  63  9:39  Medivac x2  
  55  9:58  Marine x4  
  55  9:59  Marine x2  
  60  10:00  Marauder  
  63  10:09  Medivac x2  
  67  10:31  SCV x2, Refinery  
  67  10:32  Marine x2, Refinery  
  67  10:33  Marine x4  
  67  10:35  Marauder  
  77  10:40  Supply Depot  
  77  10:43  Medivac x2  
  81  10:53  Marine x4  
  81  10:54  Marine  
  86  10:59  Marine, Marauder  
  86  11:03  Supply Depot, Command Center  
  89  11:11  Marine x3  
  90  11:18  SCV x2, Marine  
  94  11:19  Marine x2  
  94  11:21  Marauder  
  99  11:28  Marine  
  99  11:29  Marine x2  
  102  11:36  Medivac  
  104  11:42  Marauder  
  104  11:45  SCV  
  104  11:46  SCV  
  108  11:52  Marine x2  
  110  12:01  SCV, Marine  
  110  12:02  Marine  
  110  12:03  SCV  
  100  12:17  Marine x4  
  100  12:18  Marauder  
  106  12:33  SCV x2  
  106  12:34  Marine x2  
  106  12:35  Marine x2  
Tags
 
Add a new tag
Caveats
  • Supply blocks, unpowered buildings, or Contaminate may cause inaccurate times.
  • Supply counts are checked every 10 seconds.